 Dungeon Crawl Stone Soup version 0.17.2-1-ge4368a0 (webtiles) character file.

5169 kuukun the Cleaver (level 10, -11/83 HPs)
             Began as a Formicid Fighter on Mar 7, 2017.
             Was a Believer of Cheibriados.
             Mangled by a hill giant
             ... wielding a +0 giant club
              (29 damage)
             ... on level 10 of the Dungeon.
             The game lasted 00:39:03 (10530 turns).

kuukun the Cleaver (Formicid Fighter)              Turns: 10530, Time: 00:39:03

Health: -11/83     AC:  9    Str: 28    XL:     10   Next: 90%
Magic:  14/14      EV:  8    Int: 17    God:    Cheibriados [**....]
Gold:   495        SH: 12    Dex: 28    Spells: 0 memorised, 9 levels left

rFire  + . .     SeeInvis +     A - +7 flail of Defiance {venom, *Drain Int+2 Dex+11}
rCold  . . .     Clarity  .     B - +1 scale mail of Gluttony {rF+ Str+3 SInv}
rNeg   . . .     SustAt   .     c - +0 shield
rPois  +         Gourm    .     (helmet unavailable)
rElec  .         Spirit   .     (no cloak)
rCorr  +         Warding  .     f - +0 pair of gloves {archery}
rMut   .         Stasis   +     (no boots)
MR     ++...                    s - amulet of resist corrosion
Stlth  +.........               t - ring of protection from magic
                                G - ring of poison resistance

@: very slow, very resistant to hostile enchantments, very unstealthy
A: permanent stasis, dig shafts and tunnels, four strong arms, antennae 3
a: Dig, Shaft Self, Bend Time, Renounce Religion


You were on level 10 of the Dungeon.
You worshipped Cheibriados.
Cheibriados was pleased with you.
You were very hungry.

You visited 2 branches of the dungeon, and saw 11 of its levels.

You collected 495 gold pieces.

Inventory:

Hand Weapons
 a - a +0 war axe
 A - the +7 flail of Defiance (weapon) {venom, *Drain Int+2 Dex+11}
   (You found it on level 7 of the Dungeon)

   It poisons the flesh of those it strikes.
   It affects your intelligence (+2).
   It affects your dexterity (+11).
   It causes draining when unequipped.
Missiles
 F - 2 throwing nets (quivered)
Armour
 c - a +0 shield (worn)
 f - a +0 pair of gloves of archery (worn)
 u - a +0 chain mail
 B - the +1 scale mail of Gluttony (worn) {rF+ Str+3 SInv}
   (You found it on level 7 of the Dungeon)

   It affects your strength (+3).
   It protects you from fire.
   It lets you see invisible.
Jewellery
 s - an amulet of resist corrosion (around neck)
 t - a ring of protection from magic (right hand)
 G - a ring of poison resistance (left hand)
Wands
 w - a wand of invisibility (1)
 y - a wand of lightning (7)
 H - a wand of flame (14)
Scrolls
 g - a scroll of remove curse
 o - 2 scrolls of fear
 C - 4 scrolls of identify
 D - a scroll of amnesia
Potions
 b - a potion of poison {unknown}
 d - a potion of haste {unknown}
 h - 2 potions of agility {unknown}
 i - 2 potions of brilliance
 j - a potion of flight
 m - a potion of lignification
 n - a potion of ambrosia
 q - a potion of cure mutation {unknown}
 r - 4 potions of curing {unknown}
 v - 2 potions of heal wounds
 E - a potion of beneficial mutation {unknown}
Comestibles
 e - 5 bread rations
 k - 4 meat rations
 l - 3 royal jellies
 p - 3 slices of pizza
 x - 10 fruits
 z - a beef jerky


   Skills:
 + Level 9.2 Fighting
 - Level 10.9(11.4) Axes
 + Level 5.4(8.9) Maces & Flails
 - Level 3.2 Armour
 - Level 3.6 Shields
 * Level 6.1 Invocations


You had 9 spell levels left.
You didn't know any spells.

Dungeon Overview and Level Annotations

Branches:
Dungeon (10/15)            Temple (1/1) D:7            Lair (0/8) D:8
    Orc: D:9-12

Altars:
Ashenzari
Cheibriados
Dithmenos
Elyvilon
Fedhas
Gozag
Kikubaaqudgha
Makhleb
Nemelex Xobeh
Okawaru
Qazlal
Ru
Sif Muna
Trog
Vehumet
Xom
Yredelemnul
Zin
The Shining One

Shops:
D:4 *   D:6 ?   D:10 }

Annotations:
D:3 Sigmund


Innate Abilities, Weirdness & Mutations

You are under a permanent stasis effect.
You can dig through walls and to a lower floor.
Your four strong arms can wield two-handed weapons with a shield.
You have a pair of large antennae on your head (SInv).


Message History

You hit the deep elf mage.
The deep elf mage looks even sicker.
The deep elf mage is heavily wounded.
You block the hill giant's attack.
You hit the hill giant.
The hill giant is poisoned.
The hill giant is lightly wounded.
You block the deep elf mage's attack.
The hill giant hits you with a giant club!
You hit the hill giant.
The hill giant looks even sicker.
The hill giant is moderately wounded.
The deep elf mage casts a spell at you. The bolt of magma hits you!
You partially resist.
* * * LOW HITPOINT WARNING * * *
You hit the hill giant.
The hill giant is moderately wounded.
You block the hill giant's attack. You block the deep elf mage's attack.
You hit the hill giant.
The hill giant is moderately wounded.
You block the deep elf mage's attack.
The hill giant hits you with a giant club!!
You die...

#################################
.#....................#..........
.#....................#..........
.'....................#..........
.#....................#..........
.#..............@C....#..........
#################e....##......###
..............# ......#.........
..............# ......#.........
..............# ......#.........
..............# ......#.........
###...........###################
..#..............................
..#..............................


You could see a hill giant and a deep elf mage.

Vanquished Creatures
  A gargoyle (D:10)
  A komodo dragon (D:8)
  A deep elf mage (D:10)
  A basilisk (D:9)
  A hungry ghost (D:10)
  Edmund (D:5)
  4 water moccasins
  3 phantoms
  2 ice beasts (D:5)
  6 sky beasts
  7 ogres
  A necrophage (D:9)
  4 centaurs
  2 giant frogs
  4 scorpions
  2 giant frog zombies (D:9)
  6 crimson imps
  3 orc wizards
  3 centaur skeletons
  2 hounds
  A jelly (D:5)
  A quasit (D:5)
  9 orc priests
  2 giant frog skeletons
  4 worker ants
  An iguana (D:7)
  2 hound zombies
  A hound skeleton (D:8)
  A worker ant zombie (D:10)
  9 adders
  7 gnolls
  A shadow imp (D:6)
  An ooze (D:5)
  6 worms
  3 giant geckos
  25 orcs
  9 hobgoblins
  20 jackals
  2 quokkas
  2 ball pythons
  8 bats
  12 giant cockroaches
  A giant gecko zombie (D:5)
  2 giant newts
  8 goblins
  A jackal skeleton (D:4)
  10 kobolds
  10 rats
214 creatures vanquished.

Vanquished Creatures (others)
  3 plants
3 creatures vanquished.

Grand Total: 217 creatures vanquished

Notes
Turn   | Place    | Note
--------------------------------------------------------------
     0 | D:1      | kuukun the Formicid Fighter began the quest for the Orb.
     0 | D:1      | Reached XP level 1. HP: 18/18 MP: 1/1
   122 | D:1      | Reached XP level 2. HP: 24/24 MP: 2/2
   691 | D:1      | Reached XP level 3. HP: 27/29 MP: 3/3
  1267 | D:2      | Found an ancient bone altar of Kikubaaqudgha.
  1365 | D:2      | Reached XP level 4. HP: 35/35 MP: 4/4
  1416 | D:2      | Reached skill level 4 in Axes
  1626 | D:3      | Reached XP level 5. HP: 33/41 MP: 5/5
  1935 | D:3      | Reached skill level 5 in Axes
  2088 | D:3      | Noticed Sigmund
  2108 | D:4      | Noticed an ogre
  2493 | D:4      | Reached XP level 6. HP: 32/47 MP: 6/6
  2640 | D:4      | Reached skill level 6 in Axes
  2764 | D:4      | Found Pisch's Serpentskin Sales.
  2764 | D:4      | Noticed a water moccasin
  2764 | D:4      | Noticed a water moccasin
  2771 | D:4      | Noticed an ogre
  2774 | D:4      | Killed a water moccasin
  2779 | D:4      | Killed a water moccasin
  2779 | D:4      | Reached skill level 7 in Axes
  2779 | D:4      | Reached XP level 7. HP: 25/54 MP: 7/7
  2780 | D:4      | Killed an ogre
  2806 | D:4      | HP: 2/55 [poisoned by a water moccasin]
  2814 | D:4      | HP: 2/55 [poisoned by a water moccasin]
  3166 | D:4      | Found a bloodstained altar of Trog.
  3263 | D:4      | Noticed an ogre
  3285 | D:4      | Killed an ogre
  3656 | D:4      | Reached skill level 5 in Fighting
  3656 | D:4      | Reached XP level 8. HP: 14/62 MP: 8/8
  3937 | D:4      | Found a shattered altar of Ashenzari.
  3937 | D:4      | Found a blossoming altar of Fedhas.
  3937 | D:4      | Found an iron altar of Okawaru.
  3977 | D:5      | Entered Level 5 of the Dungeon
  3986 | D:5      | Reached skill level 8 in Axes
  4482 | D:5      | Found a sacrificial altar of Ru.
  4576 | D:5      | Noticed Edmund
  4599 | D:5      | Killed Edmund
  4599 | D:5      | Reached skill level 9 in Axes
  4634 | D:5      | Reached XP level 9. HP: 24/69 MP: 9/9
  5544 | D:5      | Reached skill level 10 in Axes
  5780 | D:6      | Found a shimmering altar of Xom.
  6207 | D:6      | Found Hacs's Magic Scroll Shop.
  7100 | D:7      | Killed an ogre
  7107 | D:7      | Got a polished flail
  7108 | D:7      | Identified the +7 flail of Defiance {venom, *Drain Int+2 Dex+11} (You found it on level 7 of the Dungeon)
  7294 | D:7      | Got a fine scale mail
  7305 | D:7      | Identified the cursed +1 scale mail of Gluttony {rF+ Str+3 SInv} (You found it on level 7 of the Dungeon)
  7380 | D:7      | Found a staircase to the Ecumenical Temple.
  7390 | Temple   | Entered the Ecumenical Temple
  7560 | D:7      | Reached skill level 1 in Maces & Flails
  7858 | D:8      | Reached XP level 10. HP: 80/80 MP: 10/10
  7933 | D:8      | Found a snail-covered altar of Cheibriados.
  7938 | D:8      | Became a worshipper of Cheibriados the Contemplative
  7952 | D:8      | Found a staircase to the Lair.
  7953 | D:8      | Noticed a komodo dragon
  8242 | D:8      | Killed a komodo dragon
  8522 | D:9      | Reached skill level 1 in Invocations
  8641 | D:9      | Found a sparkling altar of Nemelex Xobeh.
  8641 | D:9      | Found a shadowy altar of Dithmenos.
  8651 | D:9      | Found a snail-covered altar of Cheibriados.
  8744 | D:9      | Reached * piety under Cheibriados
  8959 | D:9      | Found a white marble altar of Elyvilon.
  9451 | D:10     | Entered Level 10 of the Dungeon
  9759 | D:10     | Reached ** piety under Cheibriados
  9792 | D:10     | Reached skill level 5 in Invocations
  9996 | D:10     | Reached skill level 5 in Maces & Flails
 10155 | D:10     | Found Ytuqoal's Gadget Shop.
 10262 | D:10     | Noticed a gargoyle
 10270 | D:10     | Killed a gargoyle
 10523 | D:10     | Noticed a hill giant
 10530 | D:10     | Mangled by a hill giant

Action                   |  1- 3 |  4- 6 |  7- 9 | 10-12 || total
-------------------------+-------+-------+-------+-------++-------
Melee: War axe           |   118 |   111 |   389 |       ||   618
       Flail             |       |       |    24 |   169 ||   193
 Abil: Dig               |       |     2 |     3 |     4 ||     9
  Use: Scroll            |     6 |     5 |     6 |     1 ||    18
       Potion            |       |     2 |       |       ||     2
  Eat: Chunk             |     2 |     4 |    12 |     8 ||    26
       Meat ration       |       |       |     1 |       ||     1
